 Dungeon Crawl Stone Soup version 0.27.1-4-g1640c2035a (webtiles) character file.

Game seed: 16692243800763870857

539 Descartes the Digger (level 7, -8/38 HPs)
             Began as a Deep Elf Wanderer on Nov 16, 2021.
             Mangled by a two-headed ogre (14 damage)
             ... on level 4 of the Dungeon.
             The game lasted 00:12:08 (4559 turns).

Descartes the Digger (Deep Elf Wanderer)            Turns: 4559, Time: 00:12:08

Health: -8/38      AC:  7    Str:  9    XL:     7   Next: 5%
Magic:  0/22       EV: 12    Int: 19    God:
Gold:   197        SH:  0    Dex: 11    Spells: 3/12 levels left

rFire    . . .     SeeInvis .   r - +2 dagger "Timymith" {holy, rElec rC+ Dex-3}
rCold    + . .     Faith    .   (no shield)
rNeg     . . .     Spirit   +   c - +0 robe
rPois    .         Reflect  .   (no helmet)
rElec    +         Harm     .   e - +2 cloak
rCorr    .         Rampage  .   x - +1 pair of gloves
Will     .....                  (no boots)
Stlth    ++........             h - amulet of guardian spirit
HPRegen  0.12/turn              o - ring of magical power
MPRegen  0.18/turn              (no ring)

@: very slightly contaminated
A: no striking features
a: no special abilities


You were on level 4 of the Dungeon.
You visited 1 branch of the dungeon, and saw 4 of its levels.

You collected 197 gold pieces.

Inventory:

Hand Weapons
 a - a +2 spear
 q - a +1 dagger of draining
 r - the +2 dagger "Timymith" (weapon) {holy, rElec rC+ Dex-3}
   (You found it on level 4 of the Dungeon)

   It has been blessed by the Shining One to cause great damage to the undead
   and demons.
   Dex:       It affects your dexterity (-3).
   rC:        It protects you from cold.
   rElec:     It insulates you from electricity.
Missiles
 j - 34 arrows
 k - 6 stones
Armour
 c - a +0 robe (worn)
 e - a +2 cloak (worn)
 x - a +1 pair of gloves (worn)
Magical Staves
 m - a staff of cold
Jewellery
 h - an amulet of guardian spirit (around neck)
 o - a ring of magical power (left hand)
 y - a ring of wizardry
Wands
 s - a wand of iceblast (5)
Scrolls
 f - 10 scrolls of identify {unknown}
 i - 2 scrolls of teleportation {unknown}
 l - a scroll of blinking {unknown}
 n - a scroll of noise {unknown}
 v - a scroll of brand weapon {unknown}
 w - a scroll of summoning {unknown}
Potions
 b - 3 potions of lignification
 d - a potion of curing {unknown}
 g - 2 potions of mutation {unknown}
 p - a potion of cancellation {unknown}
 t - a potion of attraction {unknown}
 u - a potion of flight {unknown}


   Skills:
 - Level 1.5 Fighting
 - Level 1.0 Polearms
 - Level 1.0 Throwing
 + Level 1.9 Dodging
 - Level 1.2 Stealth
 - Level 3.0 Spellcasting
 + Level 4.9 Conjurations
 - Level 2.1 Translocations
 + Level 1.8 Fire Magic
 - Level 1.0 Air Magic
 + Level 5.4 Earth Magic


You had 3 spell levels left.
You knew the following spells:

 Your Spells              Type           Power      Damage    Failure   Level
a - Sandblast             Erth           46%        2d11      1%          1
b - Stone Arrow           Conj/Erth      44%        3d9       5%          3
c - Bolt of Magma         Conj/Fire/Erth 9%         4d7       63%         5

Your spell library contained the following spells:

 Spells                   Type           Power      Damage    Failure   Level
 Portal Projectile        Hex/Tloc       14%        N/A       28%         3
 Call Canine Familiar     Summ           2%         N/A       41%         3
 Leda's Liquefaction      Hex/Erth       6%         N/A       45%         4
 Statue Form              Tmut/Erth      8%         N/A       100%        6


Dungeon Overview and Level Annotations

Branches:
Dungeon (4/15)
 Temple: D:4-7

Altars:


Message History

Aiming: Stone Arrow (dangerous; 5% risk of failure)
Press: ? - help, Shift-Dir - straight line, f - two-headed ogre
Aim: a two-headed ogre, wielding a +0 giant spiked club and a +0 giant club (86% to hit)
The stone arrow hits the two-headed ogre!
The two-headed ogre is lightly wounded.
Casting: Stone Arrow (dangerous; 5% risk of failure)
Confirm with . or Enter, or press ? or * to list all spells.
Aiming: Stone Arrow (dangerous; 5% risk of failure)
Press: ? - help, Shift-Dir - straight line, f/p - two-headed ogre
Aim: a two-headed ogre, wielding a +0 giant spiked club and a +0 giant club (lightly wounded, 86% to hit)
The stone arrow hits the two-headed ogre!
The two-headed ogre is heavily wounded.
Casting: Stone Arrow (dangerous; 5% risk of failure)
Confirm with . or Enter, or press ? or * to list all spells.
Aiming: Stone Arrow (dangerous; 5% risk of failure)
Press: ? - help, Shift-Dir - straight line, f/p - two-headed ogre
Aim: a two-headed ogre, wielding a +0 giant spiked club and a +0 giant club (moderately wounded, 86% to hit)
The stone arrow hits the two-headed ogre.
The two-headed ogre is moderately wounded.
Casting: Stone Arrow (dangerous; 5% risk of failure)
Confirm with . or Enter, or press ? or * to list all spells.
Aiming: Sandblast (safe; 1% risk of failure)
Press: ? - help, Shift-Dir - straight line, f/p - two-headed ogre
Aim: a two-headed ogre, wielding a +0 giant spiked club and a +0 giant club (moderately wounded, 91% to hit)
The blast of sand hits the two-headed ogre but does no damage.
The two-headed ogre is moderately wounded.
The two-headed ogre hits you with a +0 giant spiked club.
The two-headed ogre hits you with a +0 giant club!
Casting: Sandblast (safe; 1% risk of failure)
Confirm with . or Enter, or press ? or * to list all spells.
Aiming: Stone Arrow (dangerous; 5% risk of failure)
Press: ? - help, Shift-Dir - straight line, f/p - two-headed ogre
Aim: a two-headed ogre, wielding a +0 giant spiked club and a +0 giant club (moderately wounded, 86% to hit)
You miscast Stone Arrow.
You are very lightly contaminated with residual magic.
Nothing appears to happen.
The two-headed ogre hits you with a +0 giant spiked club!!
* * * LOW HITPOINT WARNING * * *
The two-headed ogre hits you with a +0 giant club!
You die...

#.# ######### # #.#
#.......# #####
#.#######.......# #....
#.##....#.......# #.###
#.......#.......####.###
#.......>...............
##.)...............#.#.)
#.................#.#..
###...@O...o......#.#..
#................o'..
#....########...#.#..
#....# #####.### ######
#.# ..... #.# ..... #.#
...... #.# ...... #.#


You could see a two-headed ogre and an orc.

Vanquished Creatures
  A necrophage (D:4)
  2 phantoms (D:4)
  A scorpion (D:4)
  3 iguanas (D:4)
  A scorpion zombie (D:3)
  A hound skeleton (D:4)
  6 adders
  An ufetubus (D:4)
  A worm (D:2)
  A dart slug (D:2)
  6 orcs
  9 ball pythons
  3 endoplasms (D:1)
  5 giant cockroaches
  5 goblins
  5 hobgoblins
  3 jackals (D:4)
  2 quokkas
  8 bats
  6 frilled lizards
  4 kobolds
  3 rats
77 creatures vanquished.

Notes
Turn   | Place    | Note
-------+----------+-------------------------------------------
     0 | D:1      | Descartes the Deep Elf Wanderer began the quest for the
                  | Orb.
     0 | D:1      | Descartes set off with the following items: a +2 spear, a
                  | potion of lignification, a +0 robe; and the following spell
                  | memorised: Sandblast; and the following spells available to
                  | memorise: Stone Arrow
     0 | D:1      | Reached XP level 1. HP: 12/12 MP: 6/6
   220 | D:1      | Reached skill level 1 in Earth Magic
   392 | D:1      | Reached XP level 2. HP: 13/16 MP: 5/8
   466 | D:1      | Reached skill level 2 in Earth Magic
  1242 | D:2      | Reached skill level 3 in Earth Magic
  1242 | D:2      | Reached XP level 3. HP: 5/20 MP: 4/9
  1352 | D:2      | Found a faded altar of an unknown god.
  1529 | D:2      | Learned a level 3 spell: Stone Arrow
  2384 | D:3      | Reached skill level 1 in Conjurations
  2384 | D:3      | Reached skill level 4 in Earth Magic
  2384 | D:3      | Reached XP level 4. HP: 23/25 MP: 10/10
  2986 | D:4      | Noticed a phantom
  2992 | D:4      | Killed a phantom
  2993 | D:4      | Reached XP level 5. HP: 27/29 MP: 6/11
  3060 | D:4      | Noticed a necrophage
  3088 | D:4      | Killed a necrophage
  3089 | D:4      | Reached skill level 5 in Earth Magic
  3089 | D:4      | Reached XP level 6. HP: 22/34 MP: 4/12
  3334 | D:4      | Learned a level 5 spell: Bolt of Magma
  3418 | D:4      | Identified the +2 dagger "Timymith" {holy, rElec rC+ Dex-3}
  3510 | D:4      | Reached skill level 1 in Dodging
  3510 | D:4      | Reached skill level 1 in Fire Magic
  3665 | D:4      | Noticed a two-headed ogre
  4117 | D:4      | Reached XP level 7. HP: 38/38 MP: 13/13
  4559 | D:4      | Mangled by a two-headed ogre

Illustrated notes

Levels and vault maps discovered:
D:1:      heliophobic_arrival_enchanted_forest, layout_loops_ring,
          minmay_misc_feat_enclosed
D:2:      layout_basic, shapermc_ecumenical_altar_mp_ritualfount
D:3:      layout_loops_ring
D:4:      layout_basic, minmay_vboxes

Skill      XL: |  1  2  3  4  5  6 |
---------------+-------------------+-----
Earth Magic    | 1 3 4 5 |  5.4
Conjurations   | 1 2 4 |  4.9
Dodging        | 1 |  1.9
Fire Magic     | 1 |  1.8
Fighting       | |  1.5
Polearms       | |  1.0
Throwing       | |  1.0
Stealth        | |  1.2
Spellcasting   | |  3.0
Translocations | |  2.1
Air Magic      | |  1.0

Action                   |  1- 3 |  4- 6 |  7- 9 || total
-------------------------+-------+-------+-------++-------
Melee: Spear             |   142 |    24 |       ||   166
 Cast: Sandblast         |     8 |    51 |     3 ||    62
       Stone Arrow       |       |     7 |     5 ||    12
  Use: Potion            |     1 |       |       ||     1
 Stab: Sleeping          |     8 |     2 |       ||    10
Armor: Robe              |    34 |    15 |       ||    49
Dodge: Dodged            |    69 |    36 |       ||   105
